TOP OF THE 1ST |
Hillsboro Hops batting - Pitching for State College Spikes : RHP Kevon Jamison
|
Pitching: RHP Kevon Jamison
|
|
Batting: RHB Yasuo Nakata
|
0-0: Called Strike 0-1: Swinging Strike 0-2: Ball 1-2: Foul Ball, location: 2F 1-2: Foul Ball, location: 2F 1-2: Strikes out swinging
|
Batting: RHB Larry Hardman
|
0-0: Ball 1-0: Foul Ball, location: 2F 1-1: Called Strike 1-2: SINGLE (Groundball, 6S, EV 63.1 MPH) (infield hit)
|
Batting: LHB Soo-yeon Kym
|
0-0: Called Strike 0-1: Ball 1-1: Foul Ball, location: 2F 1-2: Foul Ball, location: 2F 1-2: Ball Larry Hardman is caught stealing 2nd base 2-6 2-2: Foul Ball, location: 2F 2-2: Foul Ball, location: 2F 2-2: Reached on error, E6 (Groundball, 6, EV 77.5 MPH)
|
Batting: RHB Chad Mendoza
|
0-0: Ball 1-0: DOUBLE (Flyball, 8LXD, EV 113.8 MPH) Soo-yeon Kym scores
|
Batting: RHB Jeremy Adams
|
0-0: Ground out 1-3 (Groundball, 15S, EV 69.4 MPH)
|
Top of the 1st over - 1 run, 2 hits, 1 error, 1 left on base; Hillsboro 1 - State College 0 |
BOTTOM OF THE 1ST |
State College Spikes batting - Pitching for Hillsboro Hops : LHP Jon Davis
|
Pitching: LHP Jon Davis
|
|
Batting: RHB Mike Zimmerly
|
0-0: Swinging Strike 0-1: Ground out 6-3 (Groundball, 6, EV 85.6 MPH)
|
Batting: SHB Hank Arias
|
0-0: Foul Ball, location: 2F 0-1: Ball 1-1: Ball 2-1: Called Strike 2-2: Fly out, F9 (Flyball, 9LS, EV 91.9 MPH)
|
Batting: LHB Ichiro Toyota
|
0-0: Swinging Strike 0-1: Ball 1-1: Foul Ball, location: 2F 1-2: SINGLE (Groundball, 3D, EV 103.1 MPH)
|
Batting: LHB Billy Guzman
|
0-0: Called Strike 0-1: Ball Ichiro Toyota steals 2nd base 1-1: Ball 2-1: DOUBLE (Flyball, 78XD, EV 90.0 MPH) Ichiro Toyota scores
|
Batting: SHB Jason Kirby
|
0-0: Called Strike 0-1: Fly out, F8 (Flyball, 89XD, EV 99.4 MPH)
|
Bottom of the 1st over - 1 run, 2 hits, 0 errors, 1 left on base; Hillsboro 1 - State College 1 |
TOP OF THE 2ND |
Hillsboro Hops batting - Pitching for State College Spikes : RHP Kevon Jamison
|
Batting: LHB Andy Wilmoth
|
0-0: Ball 1-0: Ball 2-0: Ground out 5-3 (Groundball, 56, EV 93.8 MPH)
|
Batting: RHB Brandon Joshua
|
0-0: Ball 1-0: Called Strike 1-1: Ball 2-1: Foul Ball, location: 2F 2-2: Strikes out looking
|
Batting: RHB Trevor Corey
|
0-0: Swinging Strike 0-1: Foul Ball, location: 2F 0-2: Ball 1-2: Foul Ball, location: 2F 1-2: Strikes out swinging
|
Top of the 2nd over - 0 runs, 0 hits, 0 errors, 0 left on base; Hillsboro 1 - State College 1 |
BOTTOM OF THE 2ND |
State College Spikes batting - Pitching for Hillsboro Hops : LHP Jon Davis
|
Batting: RHB Tim Cleary
|
0-0: Called Strike 0-1: DOUBLE (Line Drive, 89M, EV 92.5 MPH)
|
Batting: RHB Richard Riggs
|
0-0: Called Strike 0-1: Ground out 3-1 (Groundball, 34, EV 88.1 MPH) Tim Cleary to third
|
Batting: RHB Francisco de la Cruz
|
0-0: Ball 1-0: Foul Ball, location: 2F 1-1: Fly out, F9 (Flyball, 9, EV 91.9 MPH) Runner from 3rd tags up, SCORES, no throw by RF
|
Batting: SHB Miguel Macias
|
0-0: Ball 1-0: Ball 2-0: Ground out 5-3 (Groundball, 56, EV 77.5 MPH)
|
Bottom of the 2nd over - 1 run, 1 hit, 0 errors, 0 left on base; Hillsboro 1 - State College 2 |
TOP OF THE 3RD |
Hillsboro Hops batting - Pitching for State College Spikes : RHP Kevon Jamison
|
Batting: RHB Larry Valencia
|
0-0: Ball 1-0: Foul Ball, location: 2F 1-1: Ball 2-1: Ball 3-1: Called Strike 3-2: Ground out 4-3 (Groundball, 4, EV 87.5 MPH)
|
Batting: RHB Yasuo Nakata
|
0-0: Called Strike 0-1: Ball 1-1: Ball 2-1: Foul Ball, location: 2F 2-2: Strikes out swinging
|
Batting: RHB Larry Hardman
|
0-0: Fly out, F5 (Line Drive, 5, EV 74.4 MPH)
|
Top of the 3rd over - 0 runs, 0 hits, 0 errors, 0 left on base; Hillsboro 1 - State College 2 |
BOTTOM OF THE 3RD |
State College Spikes batting - Pitching for Hillsboro Hops : LHP Jon Davis
|
Batting: RHB Mike Zimmerly
|
0-0: Fly out, F9 (Flyball, 89D, EV 83.1 MPH)
|
Batting: SHB Hank Arias
|
0-0: Ball 1-0: Ball 2-0: Called Strike 2-1: Ball 3-1: Ground out 4-3 (Groundball, 4S, EV 66.9 MPH)
|
Batting: LHB Ichiro Toyota
|
0-0: Ball 1-0: Foul Ball, location: 2F 1-1: Foul Ball, location: 2F 1-2: Foul Ball, location: 2F 1-2: Ground out U3 (Groundball, 3, EV 108.1 MPH)
|
Bottom of the 3rd over - 0 runs, 0 hits, 0 errors, 0 left on base; Hillsboro 1 - State College 2 |
TOP OF THE 4TH |
Hillsboro Hops batting - Pitching for State College Spikes : RHP Kevon Jamison
|
Batting: LHB Soo-yeon Kym
|
0-0: Foul Ball, location: 2F 0-1: Foul Ball, location: 2F 0-2: Strikes out swinging
|
Batting: RHB Chad Mendoza
|
0-0: Called Strike 0-1: Called Strike 0-2: Ball 1-2: Ball 2-2: Foul Ball, location: 2F 2-2: Strikes out swinging
|
Batting: RHB Jeremy Adams
|
0-0: Foul Ball, location: 2F 0-1: Ball 1-1: Foul Ball, location: 2F 1-2: Strikes out swinging
|
Top of the 4th over - 0 runs, 0 hits, 0 errors, 0 left on base; Hillsboro 1 - State College 2 |
BOTTOM OF THE 4TH |
State College Spikes batting - Pitching for Hillsboro Hops : LHP Jon Davis
|
Batting: LHB Billy Guzman
|
0-0: Called Strike 0-1: Ball 1-1: Ball 2-1: Foul Ball, location: 2F 2-2: Ball 3-2: DOUBLE (Line Drive, 8LXD, EV 105.6 MPH)
|
Batting: SHB Jason Kirby
|
0-0: Ball 1-0: Called Strike 1-1: Ground out 5-3 (Groundball, 56S, EV 85.0 MPH)
|
Batting: RHB Tim Cleary
|
0-0: SINGLE (Groundball, 56S, EV 65.6 MPH) (infield hit) Billy Guzman to third
|
Batting: RHB Richard Riggs
|
0-0: Ball 1-0: Called Strike 1-1: Ball Tim Cleary steals 2nd base 2-1: Ground out 4-3 (Groundball, 4, EV 95.0 MPH)
|
Batting: RHB Francisco de la Cruz
|
0-0: Ball 1-0: Ball 2-0: Ball 3-0: Base on Balls
|
Batting: SHB Miguel Macias
|
Balk! Billy Guzman scores Tim Cleary to third Francisco de la Cruz to second 0-0: Called Strike 0-1: Ball Wild Pitch! Tim Cleary scores Francisco de la Cruz to third 1-1: Foul Ball, location: 2F 1-2: Strikes out swinging
|
Bottom of the 4th over - 2 runs, 2 hits, 0 errors, 1 left on base; Hillsboro 1 - State College 4 |
TOP OF THE 5TH |
Hillsboro Hops batting - Pitching for State College Spikes : RHP Kevon Jamison
|
Batting: LHB Andy Wilmoth
|
0-0: Ball 1-0: Foul Ball, location: 2F 1-1: Foul Ball, location: 2F 1-2: Strikes out swinging
|
Batting: RHB Brandon Joshua
|
0-0: Foul Ball, location: 2F 0-1: SINGLE (Groundball, 6MD, EV 100.6 MPH)
|
Batting: RHB Trevor Corey
|
0-0: Foul Ball, location: 2F 0-1: Ball 1-1: Ball 2-1: Ball 3-1: Base on Balls Brandon Joshua to second
|
Batting: RHB Larry Valencia
|
0-0: Called Strike 0-1: Ball 1-1: Swinging Strike 1-2: Ball 2-2: Ball 3-2: Fielders Choice at 2nd, 3-6 (Groundball, 34, EV 88.1 MPH) Brandon Joshua to third
|
Batting: RHB Yasuo Nakata
|
0-0: Called Strike 0-1: Called Strike 0-2: Ball Larry Valencia is caught stealing 2nd base 2-4
|
Top of the 5th over - 0 runs, 1 hit, 0 errors, 1 left on base; Hillsboro 1 - State College 4 |
BOTTOM OF THE 5TH |
State College Spikes batting - Pitching for Hillsboro Hops : LHP Jon Davis
|
Batting: RHB Mike Zimmerly
|
0-0: Ball 1-0: Ball 2-0: Ground out U3 (Groundball, 34S, EV 86.3 MPH)
|
Batting: SHB Hank Arias
|
0-0: Foul Ball, location: 2F 0-1: Ball 1-1: Ball 2-1: DOUBLE (Flyball, 78XD, EV 100.0 MPH)
|
Batting: LHB Ichiro Toyota
|
0-0: Ball 1-0: Ball 2-0: Ball 3-0: Base on Balls
|
Batting: LHB Billy Guzman
|
0-0: Called Strike 0-1: Ball 1-1: Ball 2-1: Ball 3-1: Called Strike 3-2: SINGLE (Line Drive, 4MD, EV 101.3 MPH) Hank Arias to third Ichiro Toyota to second
|
Batting: SHB Jason Kirby
|
0-0: Called Strike 0-1: Ball 1-1: Ball 2-1: SINGLE (Flyball, 34D, EV 91.3 MPH) Hank Arias scores Ichiro Toyota to third Billy Guzman to second Runner from 3rd tries for Home, SAFE, throw by RF to home
|
Batting: RHB Tim Cleary
|
0-0: Ball 1-0: Ball 2-0: Called Strike 2-1: Fielders Choice at 2nd, 6-4 (Groundball, 6, EV 82.5 MPH) Billy Guzman to third
|
Batting: RHB Richard Riggs
|
0-0: Ball 1-0: Foul Ball, location: 2F 1-1: Ground out U3 (Groundball, 34S, EV 86.9 MPH)
|
Bottom of the 5th over - 2 runs, 3 hits, 0 errors, 2 left on base; Hillsboro 1 - State College 6 |
TOP OF THE 6TH |
Hillsboro Hops batting - Pitching for State College Spikes : RHP Kevon Jamison
|
Batting: RHB Yasuo Nakata
|
0-0: Ball 1-0: Ball 2-0: Ball 3-0: Called Strike 3-1: Foul Ball, location: 2F 3-2: Foul Ball, location: 2F 3-2: SINGLE (Flyball, 5D, EV 95.6 MPH)
|
Batting: RHB Larry Hardman
|
0-0: Ball 1-0: Fly out, F8 (Line Drive, 8RM, EV 93.1 MPH)
|
Batting: LHB Soo-yeon Kym
|
0-0: Ball 1-0: Called Strike 1-1: Ball 2-1: Grounds into double play, 6-4-3 (Groundball, 6, EV 87.5 MPH)
|
Top of the 6th over - 0 runs, 1 hit, 0 errors, 0 left on base; Hillsboro 1 - State College 6 |
BOTTOM OF THE 6TH |
State College Spikes batting - Pitching for Hillsboro Hops : LHP Jon Davis
|
Batting: RHB Francisco de la Cruz
|
0-0: Ball 1-0: Ground out 2-3 (Groundball, 15S, EV 73.8 MPH)
|
Batting: SHB Miguel Macias
|
0-0: Foul Ball, location: 2F 0-1: Called Strike 0-2: Strikes out swinging
|
Batting: RHB Mike Zimmerly
|
0-0: Called Strike 0-1: Called Strike 0-2: Ball 1-2: Ball 2-2: Ball 3-2: SINGLE (Line Drive, 8RS, EV 110.0 MPH)
|
Pitching: RHP Shigezo Shoji
|
|
Batting: SHB Hank Arias
|
Pickoff Throw to First - Out! 1-3
|
Bottom of the 6th over - 0 runs, 1 hit, 0 errors, 0 left on base; Hillsboro 1 - State College 6 |
TOP OF THE 7TH |
Hillsboro Hops batting - Pitching for State College Spikes : RHP Kevon Jamison
|
Batting: RHB Chad Mendoza
|
0-0: Ball 1-0: Called Strike 1-1: Ground out 5-3 (Groundball, 5, EV 91.3 MPH)
|
Batting: RHB Jeremy Adams
|
0-0: Ball 1-0: Ball 2-0: SINGLE (Flyball, 8RS, EV 91.3 MPH)
|
Batting: LHB Andy Wilmoth
|
0-0: Ball 1-0: Swinging Strike 1-1: Ball 2-1: Foul Ball, location: 2F 2-2: Foul Ball, location: 2F 2-2: Strikes out swinging
|
Pitching: LHP Heath Maher
|
|
Batting: RHB Brandon Joshua
|
0-0: Swinging Strike 0-1: Ball 1-1: Fielders Choice at 2nd, 6-4 (Groundball, 6, EV 108.1 MPH)
|
Top of the 7th over - 0 runs, 1 hit, 0 errors, 1 left on base; Hillsboro 1 - State College 6 |
BOTTOM OF THE 7TH |
State College Spikes batting - Pitching for Hillsboro Hops : RHP Shigezo Shoji
|
Batting: SHB Hank Arias
|
0-0: Foul Ball, location: 2F 0-1: SINGLE (Groundball, 5D, EV 107.5 MPH)
|
Batting: LHB Ichiro Toyota
|
0-0: Called Strike Hank Arias steals 2nd base 0-1: Ground out 6-3 (Groundball, 6S, EV 71.9 MPH) Hank Arias to third
|
Batting: LHB Billy Guzman
|
0-0: 2-RUN HOME RUN (Flyball, 9D, EV 92.5 MPH), Distance : 360 ft
|
Batting: SHB Jason Kirby
|
0-0: Ball 1-0: Called Strike 1-1: Ground out 6-3 (Groundball, 4M, EV 105.0 MPH)
|
Batting: RHB Tim Cleary
|
0-0: Ball 1-0: Single, Error in OF, E8, batter to second base (Groundball, 6MD, EV 101.3 MPH)
|
Batting: RHB Richard Riggs
|
0-0: Called Strike 0-1: Swinging Strike 0-2: Ball 1-2: Ball 2-2: Ball 3-2: Foul Ball, location: 2F 3-2: Foul Ball, location: 2F 3-2: Foul Ball, location: 2F 3-2: Strikes out swinging
|
Bottom of the 7th over - 2 runs, 3 hits, 1 error, 1 left on base; Hillsboro 1 - State College 8 |
TOP OF THE 8TH |
Hillsboro Hops batting - Pitching for State College Spikes : LHP Heath Maher
|
Batting: RHB Trevor Corey
|
0-0: Ball 1-0: Ball 2-0: Called Strike 2-1: Swinging Strike 2-2: Strikes out looking
|
Batting: RHB Larry Valencia
|
0-0: Ball 1-0: Foul Ball, location: 2F 1-1: Foul Ball, location: 2F 1-2: Strikes out swinging
|
Batting: RHB Yasuo Nakata
|
0-0: Ball 1-0: Ball 2-0: Ball 3-0: Called Strike 3-1: Base on Balls
|
Batting: RHB Larry Hardman
|
0-0: Called Strike 0-1: Foul Ball, location: 2F 0-2: Ball 1-2: Ball 2-2: Strikes out looking
|
Top of the 8th over - 0 runs, 0 hits, 0 errors, 1 left on base; Hillsboro 1 - State College 8 |
BOTTOM OF THE 8TH |
State College Spikes batting - Pitching for Hillsboro Hops : RHP Shigezo Shoji
|
Pitching: RHP Rick Foster
|
|
Pinch Hitting: RHB Danny McNew
|
0-0: Ball 1-0: Fly out, F7 (Flyball, 7, EV 77.5 MPH)
|
Batting: SHB Miguel Macias
|
0-0: Ball 1-0: Ball 2-0: Ball 3-0: Base on Balls
|
Batting: RHB Mike Zimmerly
|
0-0: Foul Ball, location: 2F 0-1: SINGLE (Line Drive, 8RS, EV 100.0 MPH) Miguel Macias to second
|
Batting: SHB Hank Arias
|
0-0: Called Strike 0-1: Called Strike 0-2: Foul Ball, location: 2F 0-2: Strikes out swinging
|
Pinch Hitting: RHB Mario Mendoza
|
0-0: Ball 1-0: Ball 2-0: Called Strike 2-1: Foul Ball, location: 2F 2-2: SINGLE (Groundball, 34D, EV 94.4 MPH) Miguel Macias to third Mike Zimmerly to second Runner from 3rd tries for Home, SAFE, throw by RF to home
|
Batting: LHB Billy Guzman
|
0-0: Called Strike 0-1: Foul Ball, location: 2F 0-2: Foul Ball, location: 2F 0-2: Ball 1-2: Ball 2-2: Strikes out swinging
|
Bottom of the 8th over - 1 run, 2 hits, 0 errors, 2 left on base; Hillsboro 1 - State College 9 |
TOP OF THE 9TH |
Hillsboro Hops batting - Pitching for State College Spikes : LHP Heath Maher
|
Now at 1B: Danny McNew
|
|
Now in CF: Mario Mendoza
|
|
Batting: LHB Soo-yeon Kym
|
0-0: Called Strike 0-1: Swinging Strike 0-2: Foul Ball, location: 2F 0-2: Strikes out swinging
|
Batting: RHB Chad Mendoza
|
0-0: Foul Ball, location: 2F 0-1: Swinging Strike 0-2: Ball 1-2: Strikes out swinging
|
Batting: RHB Jeremy Adams
|
0-0: Ball 1-0: Called Strike 1-1: Foul Ball, location: 2F 1-2: Strikes out swinging
|
Top of the 9th over - 0 runs, 0 hits, 0 errors, 0 left on base; Hillsboro 1 - State College 9 |
|